 Dungeon Crawl Stone Soup version 0.30-a0-1160-g6e42c06551 (webtiles) character file.

Game seed: 3122554643268391169

521 jimonade the Cudgeller (level 7, -6/54 HPs)
             Began as a Mummy Monk on Apr 26, 2023.
             Was an Initiate of Ru.
             Mangled by an ogre
             ... wielding a +0 giant club
              (15 damage)
             ... on level 4 of the Dungeon.
             The game lasted 00:08:26 (4526 turns).

jimonade the Cudgeller (Mummy Monk)                 Turns: 4526, Time: 00:08:27

Health: -6/54      AC: 15    Str: 17    XL:     7   Next: 1%
Magic:  8/8        EV:  6    Int:  7    God:    Ru [......]
Gold:   100        SH:  0    Dex: 14    Spells: 8/8 levels left

rFire   x . .        a - +0 whip
rCold   + . .        c - orb {light}
rNeg    + + +        t - +0 plate armour
rPois   ∞            (no helmet)
rElec   .            (no cloak)
rCorr   .            (no gloves)
SInv    .            (no boots)
Will    +....        (no amulet) Stlth
                     g - ring of willpower
HPRegen 0.29/turn    A - +4 ring of protection
MPRegen 0.11/turn

%: faith
@: glowing
A: cold resistance 1, dopey 1, negative energy resistance 3, torment resistance
2, heat vulnerability 1, in touch with death 1, no potions, faith
a: Renounce Religion


You were on level 4 of the Dungeon.
You worshipped Ru.
Ru was noncommittal.
You visited 2 branches of the dungeon, and saw 5 of its levels.

You collected 195 gold pieces.
You spent 95 gold pieces at shops.

Inventory:

Hand Weapons
 a - a +0 whip (weapon)
 i - a +0 trident
 l - a +0 dagger
 p - a +0 sling
 q - a +0 mace
 z - a +0 flail
Missiles
 k - 49 stones (quivered)
 o - 4 boomerangs
 u - 5 atropa-tipped darts
Armour
 c - an orb of light (worn)
 e - a +0 leather armour
 n - a +0 chain mail
 t - a +0 plate armour (worn)
 w - a +0 ring mail
Jewellery
 g - a ring of willpower (left hand)
 v - a ring of magical power
 A - a +4 ring of protection (right hand)
Wands
 y - a wand of mindburst (20)
Scrolls
 b - a scroll of noise {unknown}
 d - a scroll of magic mapping {unknown}
 f - 2 scrolls of teleportation {unknown}
 h - 2 scrolls of blinking {unknown}
 j - 5 scrolls of identify {unknown}
 m - 2 scrolls of poison {unknown}
 r - a scroll of enchant armour {unknown}
 s - a scroll of fog {unknown}
 x - a scroll of enchant weapon {unknown}


   Skills:
 + Level 4.3 Fighting
 + Level 4.8 Maces & Flails
 + Level 2.6 Armour
 + Level 3.0 Dodging
 - Level 1.0 Spellcasting
 - Level 0.6 Necromancy


You had 8 spell levels left.
You didn't know any spells.
Your spell library contained the following spells:

 Spells                   Type           Power      Damage    Failure   Level
 Apportation              Tloc           0%         N/A       100%        1
 Freeze                   Ice            0%         1d3       100%        1
 Necrotise                Necr           4%         1d4       100%        1
 Summon Small Mammal      Summ           0%         N/A       100%        1
 Blink                    Tloc           0%         N/A       100%        2
 Lesser Beckoning         Tloc           0%         N/A       100%        2
 Momentum Strike          Conj/Tloc      0%         3d8       100%        2
 Frozen Ramparts          Ice            0%         1d1       100%        3
 Hailstorm                Conj/Ice       0%         3d3       100%        3


Dungeon Overview and Level Annotations

Branches:
Dungeon (4/15)             Temple (1/1) D:4

Altars:
Ashenzari
Cheibriados
Dithmenos
Fedhas
Gozag
Hepliaklqana
Kikubaaqudgha
Makhleb
Nemelex Xobeh
Okawaru
Ru
Uskayaw
Vehumet
Xom
Yredelemnul

Shops:
D:4 *


Innate Abilities, Weirdness & Mutations

You are immune to poison.
Your flesh is cold resistant. (rC+)
You are dopey. (Int -2)
You are immune to negative energy. (rN+++)
You are immune to unholy pain and torment.
You are vulnerable to heat. (rF-)
You are in touch with the powers of death.
You do not drink.
You have a special connection with the divine. (Faith)


Message History

The hobgoblin is lightly wounded.
The hobgoblin hits you but does no damage.
You hit the hobgoblin.
The hobgoblin is heavily wounded.
The hobgoblin hits you but does no damage.
You hit the hobgoblin.
The hobgoblin is almost dead.
You hit the hobgoblin but do no damage.
The hobgoblin is almost dead.
The hobgoblin hits you but does no damage.
You hit the hobgoblin.
You kill the hobgoblin!
You hit the ogre.
The ogre is lightly wounded.
The ogre completely misses you.
You completely miss the ogre. You hit the ogre.
The ogre is lightly wounded.
The hound pauses to sniff the ground.
The ogre hits you with a +0 giant club!!
You are too injured to fight recklessly!
You are too injured to fight recklessly!
You are too injured to fight recklessly!
You are too injured to fight recklessly!
You are too injured to fight recklessly!
You hit the ogre.
The ogre is moderately wounded.
The ogre hits you with a +0 giant club!!
* * * LOW HITPOINT WARNING * * *
You hit the ogre.
The ogre is heavily wounded.
You hit the ogre.
The ogre is heavily wounded.
The ogre closely misses you.
You hit the ogre.
The ogre is heavily wounded.
You barely miss the ogre.
The ogre is heavily wounded.
The ogre hits you with a +0 giant club!
You die...

#### ##..######
#....##..##
#....)....# ####
##..##..h.# ...#
+#'###.g#### .###
#B. ##O#..#### .#
.... ##@...'.# .##
..... #....#.# .!#
)..8..?##..##.# .##
!."...$##+##..####
.!#
##.....##..##.....#
.## ##....#####.#
## #'....# #.# #
#.)##..## #.#
###### +...
#########.#


You could see an ogre, a hound and a goblin.

Vanquished Creatures
  2 scorpions (D:4)
  A howler monkey (D:4)
  A hound (D:4)
  An orc priest (D:4)
  A jelly (D:4)
  An iguana (D:4)
  2 orc wizards (D:4)
  7 adders
  A gnoll (D:4)
  4 worms
  2 dart slugs
  14 orcs
  4 endoplasms
  6 giant cockroaches
  9 hobgoblins
  10 jackals
  8 kobolds
  2 quokkas (D:2)
  6 ball pythons
  4 bats
  6 frilled lizards
  6 goblins
  6 rats
104 creatures vanquished.

Notes
Turn   | Place    | Note
-------+----------+-------------------------------------------
     0 | D:1      | jimonade the Mummy Monk began the quest for the Orb.
     0 | D:1      | Reached XP level 1. HP: 18/18 MP: 1/1
   224 | D:1      | Reached XP level 2. HP: 23/24 MP: 2/2
   704 | D:2      | HP: 1/24 [worm (1)]
   940 | D:1      | Gained mutation: You are in touch with the powers of death.
                  | [Mummy growth]
   940 | D:1      | Reached XP level 3. HP: 8/29 MP: 3/3
  2246 | D:2      | Reached XP level 4. HP: 35/36 MP: 4/4
  2573 | D:3      | Reached skill level 1 in Spellcasting
  3007 | D:4      | Found a staircase to the Ecumenical Temple.
  3017 | Temple   | Entered the Ecumenical Temple
  3215 | Temple   | Became a worshipper of Ru the Awakened
  3224 | Temple   | Gained mutation: You are dopey. (Int -2) [Ru sacrifice]
  3366 | D:4      | Reached skill level 1 in Armour
  3366 | D:4      | Reached XP level 5. HP: 18/42 MP: 6/6
  3481 | D:4      | Found Plog's Assorted Antiques.
  3504 | D:4      | Bought a tubular cabochon ring for 95 gold pieces
  3672 | D:4      | HP: 2/42 [iguana (10)]
  3675 | D:4      | Reached XP level 6. HP: 3/48 MP: 7/7
  4513 | D:4      | Reached XP level 7. HP: 47/54 MP: 8/8
  4526 | D:4      | Mangled by an ogre

Illustrated notes

Levels and vault maps discovered:
D:1:      dpeg_arrival_line_fractal, layout_basic
D:2:      layout_basic
D:3:      layout_rooms
D:4:      minmay_bubble_buster, layout_loops_ring, temple_hall, serial_shops,
          shop, serial_glass, glass_columns_a, glass_columns_a,
          item_on_display_a, item_on_display_a, item_on_display_a,
          minmay_strange_pillars, kennysheep_generic_room_9
Temple:   nicolae_temple_bog_church

Skill      XL: |  1  2  3  4  5  6 |
---------------+-------------------+-----
Maces & Flails | 3 4 |  4.8
Spellcasting   | 1 |  1.0
Armour         | 1 2 |  2.6
Fighting       | 4 |  4.3
Dodging        | 3 |  3.0
Necromancy     | |  0.6

Action                     |  1- 3 |  4- 6 |  7- 9 || total
---------------------------+-------+-------+-------++-------
  Melee: Mace              |    90 |       |       ||    90
         Whip              |    76 |   342 |    14 ||   432
 Invoke: Sacrifice Purity  |       |     1 |       ||     1
 Armour: Robe              |     5 |       |       ||     5
         Chain mail        |    30 |       |       ||    30
         Ring mail         |    16 |    25 |       ||    41
         Plate armour      |       |   123 |     3 ||   126
  Dodge: Dodged            |   113 |    92 |     2 ||   207

Table legend: (Time is in decaauts)
 A = Elapsed time spent in this place.
 B = Non-inter-level travel time spent in this place.
 C = Inter-level travel time spent in this place.
 D = Time resting spent in this place.
 E = Time spent auto-exploring this place.
 F = Levels seen in this place.
 G = Mean time per level.
                   A        B        C        D        E       F      G
               +--------+--------+--------+--------+--------+-----+--------+
         Total |   4525 |   4415 |    110 |    403 |   2705 |   5 |  905.0 |
       Dungeon |   4306 |   4226 |     80 |    403 |   2533 |   4 | 1076.5 |
        Temple |    219 |    189 |     30 |      0 |    172 |   1 |  219.0 |
               +--------+--------+--------+--------+--------+-----+--------+

Top non-repeatable levels by time:
     D:4: 1390 daAuts
     D:2: 1120 daAuts
     D:1: 1029 daAuts
     D:3: 765 daAuts
  Temple: 219 daAuts
